 Dungeon Crawl Stone Soup version 0.23.1 (webtiles) character file.

Game seed: 0

89318 teukkam the Blocker (level 15, -2/152 HPs)
             Began as a Minotaur Fighter on Feb 27, 2019.
             Was the Champion of Wu Jian.
             Slain by an eight-headed hydra (10 damage)
             ... on level 4 of the Swamp on Mar 1, 2019.
             The game lasted 02:36:26 (23431 turns).

teukkam the Blocker (Minotaur Fighter)             Turns: 23431, Time: 02:36:27

Health: -2/152     AC: 25    Str: 26    XL:     15   Next: 49%
Magic:  16/16      EV: 15    Int:  9    God:    Wu Jian [******]
Gold:   836        SH:  7    Dex: 10    Spells: 14/14 levels left

rFire    + . .     SeeInvis .   w - +2 morningstar "Xuenozu" {crush, Int+3}
rCold    + . .     Gourm    .   q - +0 buckler {reflect}
rNeg     . . .     Faith    .   c - +2 acid dragon scales
rPois    +         Spirit   .   (helmet restricted)
rElec    +         Reflect  +   T - +2 cloak {MR+}
rCorr    +         Harm     .   k - +1 pair of gloves
MR       ++...                  u - +2 pair of boots {Fly}
Stlth    +.........             y - amulet of regeneration
HPRegen  0.75/turn              j - +3 ring of protection
MPRegen  0.15/turn              N - +4 ring of evasion

@: resistant, flying, very slightly contaminated, hasted, invisible, very quick
A: retaliatory headbutt, horns 2, talons 1, poison resistance, robust 1
a: Wall Jump, Serpent's Lash, Heavenly Storm, Renounce Religion, Stop Flying


You were on level 4 of the Swamp.
You worshipped Wu Jian.
Wu Jian was exalted by your worship.
You were not hungry.

You visited 5 branches of the dungeon, and saw 24 of its levels.
You also visited: Sewer, Ossuary, Bailey and Ice Cave.

You collected 2750 gold pieces.
You spent 1914 gold pieces at shops.

Inventory:

Hand Weapons
 a - the +10 hand axe of Cobwebs {chaos, *Rage +Blink rN++ Stlth+}
   (You bought it in a shop on level 2 of the Orcish Mines)

   Each time it hits an enemy it has a different, random effect.
   It greatly protects you from negative energy.
   It lets you blink.
   It may make you go berserk in combat.
   It makes you more stealthy.
 b - the +8 hand crossbow of Linearity {venom, rF+ rN++ Int+2 Dex-3}
   (You found it on level 2 of the Lair of Beasts)

   It poisons the ammo it fires.
   It affects your intelligence (+2).
   It affects your dexterity (-3).
   It protects you from fire.
   It greatly protects you from negative energy.
 d - a +3 hand axe of holy wrath
 r - the +5 great sword of Fate {elec, Int+2 Dex+2 Stlth+}
   (You found it on level 6 of the Lair of Beasts)

   Occasionally, upon striking a foe, it will discharge some electrical energy
   and cause terrible harm.
   It affects your intelligence (+2).
   It affects your dexterity (+2).
   It makes you more stealthy.
 w - the +2 morningstar "Xuenozu" (weapon) {crush, Int+3}
   (You found it on level 10 of the Dungeon)

   It inflicts extra damage upon your enemies.
   It affects your intelligence (+3).
 B - the +4 trident of Galeq {chaos, rF++ MR- Dex+5}
   (You found it on level 9 of the Dungeon)

   Each time it hits an enemy it has a different, random effect.
   It affects your dexterity (+5).
   It greatly protects you from fire.
   It affects your resistance to hostile enchantments.
 E - the +4 halberd of Kijau {chop, Dex+3}
   (You found it in an ice cave)

   It inflicts extra damage upon your enemies.
   It affects your dexterity (+3).
 I - a +0 blowgun
 M - the +6 quarterstaff of Ragnarok {drain, *Rage rPois rN+++ Int-4}
   (You bought it in a shop on level 8 of the Dungeon)

   A truly terrible weapon, it drains the life of those it strikes.
   It affects your intelligence (-4).
   It protects you from poison.
   It renders you almost immune to negative energy.
   It may make you go berserk in combat.
 Q - the +5 mace "Nidu" {drain, rF+ SInv}
   (You found it on level 6 of the Dungeon)

   A truly terrible weapon, it drains the life of those it strikes.
   It protects you from fire.
   It lets you see invisible.
 Z - the +1 shortbow "Beetleslayer" {freeze, Dex+4 SInv}
   (You bought it in a shop on level 8 of the Dungeon)

   It causes projectiles fired from it to freeze those they strike, causing
   extra injury to most foes and up to half again as much damage against
   particularly susceptible opponents.
   They can also slow down cold-blooded creatures.
   It affects your dexterity (+4).
   It lets you see invisible.
Missiles
 t - 7 curare-tipped needles
 v - 11 needles of sleeping
 D - 282 arrows
 J - 58 bolts
 L - 19 tomahawks
 O - 40 tomahawks of returning (quivered)
Armour
 c - +2 acid dragon scales (worn)
 k - a +1 pair of gloves (worn)
 q - a +0 buckler of reflection (worn)
 u - a +2 pair of boots of flying (worn)
 T - a +2 cloak of magic resistance (worn)
 V - the +1 ring mail of Altruism {rC++ MR++ rCorr Slay-5}
   (You bought it in a shop on level 2 of the Orcish Mines)

   It affects your accuracy and damage with ranged weapons and melee attacks
   (-5).
   It greatly protects you from cold.
   It affects your resistance to hostile enchantments.
   It provides partial protection from all sources of acid and corrosion.
Jewellery
 j - a +3 ring of protection (left hand)
 y - an amulet of regeneration (around neck)
 N - a +4 ring of evasion (right hand)
Wands
 g - a wand of scattershot (3)
 K - a wand of paralysis (23)
 R - a wand of enslavement (8)
 U - a wand of digging (6)
Scrolls
 l - a scroll of magic mapping
 n - 5 scrolls of enchant weapon
 p - 7 scrolls of identify
 s - 8 scrolls of teleportation
 G - 9 scrolls of remove curse
 X - 2 scrolls of immolation
Potions
 i - 5 potions of agility
 o - a potion of invisibility
 z - 2 potions of might
 F - 5 potions of curing
 W - a potion of cancellation
 Y - 4 potions of lignification
Miscellaneous
 m - a fan of gales
 x - a lightning rod (1/4)
 C - a phantom mirror
 S - a phial of floods
Comestibles
 f - 15 rations


   Skills:
 + Level 14.9 Fighting
   Level 0.7(2.4) Short Blades
 - Level 4.2 Long Blades
 + Level 8.9(11.3) Axes
 - Level 5.2(8.1) Maces & Flails
 - Level 10.1(11.6) Polearms
 - Level 3.1(8.0) Staves
   Level 5.4 Slings
 - Level 10.2 Bows
 + Level 5.8 Crossbows
 + Level 14.9 Armour
 + Level 14.9 Shields
 + Level 3.7 Evocations


You had 14 spell levels left.
You didn't know any spells.
Your spell library contained the following spells:

 Spells                   Type           Power        Failure   Level  Hunger
 Animate Skeleton         Necr           N/A          43%         1    ##.....
 Confusing Touch          Hex            #.....       43%         1    ##.....
 Pain                     Necr           #...         43%         1    ##.....
 Sting                    Conj/Pois      #...         43%         1    ##.....
 Summon Small Mammal      Summ           #...         43%         1    ##.....
 Call Imp                 Summ           #.......     56%         2    ###....
 Poisonous Vapours        Pois/Air       #.....       56%         2    ###....
 Call Canine Familiar     Summ           #.......     80%         3    ####...
 Confuse                  Hex            #.......     80%         3    ####...
 Gell's Gravitas          Tloc           #.........   80%         3    ####...
 Mephitic Cloud           Conj/Pois/Air  #.......     80%         3    ####...
 Regeneration             Chrm/Necr      #.........   80%         3    ####...
 Summon Guardian Golem    Hex/Summ       #.......     80%         3    ####...
 Vampiric Draining        Necr           #.........   80%         3    ####...
 Animate Dead             Necr           N/A          99%         4    #####..
 Olgreb's Toxic Radiance  Pois           #.......     99%         4    #####..
 Petrify                  Tmut/Erth      #.......     99%         4    #####..
 Summon Ice Beast         Ice/Summ       #.......     99%         4    #####..
 Summon Lightning Spire   Summ/Air       #.......     99%         4    #####..
 Irradiate                Conj/Tmut      #.........   100%        5    ######.
 Metabolic Englaciation   Hex/Ice        #.........   100%        5    ######.
 Silence                  Hex/Air        #.........   100%        5    ######.
 Venom Bolt               Conj/Pois      #.........   100%        5    ######.
 Yara's Violent Unravell  Hex/Tmut       #.........   100%        5    ######.
 Conjure Ball Lightning   Conj/Air       #.........   100%        6    #######
 Deflect Missiles         Chrm/Air       #.........   100%        6    #######
 Hydra Form               Tmut           #.........   100%        6    #######
 Statue Form              Tmut/Erth      #........    100%        6    #######
 Dragon Form              Tmut           #.........   100%        7    #######
 Tornado                  Air            #.........   100%        9    #######


Dungeon Overview and Level Annotations

Branches:
Dungeon (11/15)            Temple (1/1) D:6            Lair (6/6) D:10
  Swamp (4/4) Lair:4        Snake (0/4) Lair:2        Slime (0/5) Lair:6
    Orc (2/2) D:9             Elf (0/3) Orc:2

Altars:
Ashenzari
Cheibriados
Dithmenos
Elyvilon
Fedhas
Gozag
Hepliaklqana
Kikubaaqudgha
Makhleb
Nemelex Xobeh
Okawaru
Qazlal
Ru
Sif Muna
Trog
Uskayaw
Vehumet
Wu Jian
Xom
Yredelemnul
Zin
The Shining One
Beogh
Jiyva

Shops:
D:8 (   D:9 =   D:10 %   Orc:1 !   Orc:2 [(*((*[

Annotations:
D:9 1 runed translucent door, ABBCCCDDDD's ghost, novice DrAE
Lair:2 exclusion: oklob plant
Swamp:1 1 runed translucent door
Orc:2 2 transporters, p0werm0de's ghost, journeyman DsWn


Innate Abilities, Weirdness & Mutations

You reflexively headbutt those who attack you in melee.
You have a pair of horns on your head.
You have sharp toenails.
Your system is resistant to poisons. (rPois)
You are robust. (+10% HP)


Message History

You repeatedly attack the eight-headed hydra from above.
You catch the helpless eight-headed hydra completely off-guard!
You thump the eight-headed hydra! You headbutt the eight-headed hydra.
The eight-headed hydra is severely wounded.
You hit the eight-headed hydra.
The eight-headed hydra is severely wounded.
You repeatedly attack the five-headed hydra from above.
You barely miss the five-headed hydra.
The five-headed hydra is lightly wounded.
You barely miss the five-headed hydra.
The five-headed hydra is lightly wounded.
You block the eight-headed hydra's attack.
The eight-headed hydra bites you but does no damage.
The eight-headed hydra bites you.
* * * LOW HITPOINT WARNING * * *
The eight-headed hydra closely misses you.
The eight-headed hydra bites you but does no damage.
The eight-headed hydra closely misses you.
The eight-headed hydra bites you!
You die...

#○°#○.Dv.≈,,* ♣♣....♣♣
#.○DD≈.(≈i,,* ♣.≈≈§♣♣*
##°DD♣##≈,≈*#♣♣≈≈≈≈≈♣♣
##### **≈**♣≈†≈≈≈≈≈≈≈
***♣♣≈≈....≈≈≈ ♣♣♣
♣♣≈≈≈≈≈.≈≈≈≈
♣.♣♣♣♣♣♣♣≈≈≈≈.≈≈.≈≈≈
♣♣DD○.♣♣.≈≈≈≈≈.≈≈≈≈≈
♣♣@○≈≈≈....≈..≈♣♣..
♣♣°.≈≈.≈♣♣♣♣♣♣♣*♣♣
♣♣♣..≈♣♣ ♣.≈≈≈♣♣
♣.≈≈≈♣ ♣....♣♣
♣.....♣♣ ♣♣♣♣≈..♣
♣♣♣.♣


You could see an eight-headed hydra and a five-headed hydra.

Vanquished Creatures
  Jorgrun (Swamp:2)
  An orc warlord (Orc:2)
  A frost giant (IceCv)
  Nessos (Orc:2)
  2 ettins
  A catoblepas (Lair:5)
  13 hydras
  2 ghost crabs (Swamp:4)
  2 shambling mangroves
  An alligator (Swamp:4)
  An orc high priest (Orc:1)
  A spriggan (Swamp:2)
  A spriggan berserker (Swamp:4)
  3 swamp dragons
  A spriggan druid (Swamp:2)
  An unseen horror (D:10)
  A deep troll (D:10)
  Pikel (D:7)
  An ugly thing (D:11)
  4 orc knights
  4 orc sorcerers
  A manticore (Swamp:3)
  An elephant (D:10)
  An ice statue (IceCv)
  14 black mambas
  A water nymph (shapeshifter) (Lair:5)
  Psyche (D:8)
  A torpor snail (Lair:4)
  Maurice (D:8)
  34 spiny frogs
  5 rime drakes
  2 komodo dragons
  A troll (shapeshifter) (Lair:6)
  10 polar bears
  A jumping spider (IceCv)
  5 hornets
  2 trolls
  7 tyrant leeches
  9 bog bodies
  The ghost of misha the Spear-Bearer, an amateur MfGl (D:5)
  13 blink frogs
  10 hippogriffs
  60 yaks
  4 wyverns
  A golden eye (IceCv)
  A hungry ghost (D:7)
  A basilisk (D:10)
  A human (D:8)
  2 wargs
  9 vampire mosquitoes
  5 insubstantial wisps
  7 swamp worms
  An acid dragon (D:10)
  15 water moccasins
  8 porcupines
  2 black bears
  4 swamp drakes
  5 ice beasts
  A hornet zombie (D:10)
  43 orc warriors
  A sky beast (D:6)
  2 phantoms
  A slave (D:7)
  8 ogres
  24 wolves
  An eye of draining (D:10)
  5 centaurs
  19 crocodiles
  3 big kobolds
  Blork the orc (D:6)
  27 bullfrogs
  A wyvern zombie (D:8)
  4 scorpions
  10 killer bees
  4 howler monkeys
  An electric eel (Lair:6)
  2 crimson imps (D:7)
  2 centaur zombies
  A bullfrog zombie (D:10)
  A quasit (D:8)
  4 hounds
  A centaur skeleton (D:3)
  A human zombie (Ossuary)
  19 orc priests
  Crazy Yiuf (D:6)
  3 jellies
  20 orc wizards
  6 iguanas
  6 worker ants
  A big kobold zombie (Ossuary)
  A hound skeleton (D:10)
  6 mummies
  2 worker ant zombies
  2 gnolls (Bailey)
  15 adders
  2 river rats (Sewer)
  7 shadow imps
  2 adder skeletons
  4 worms
  A dart slug (D:1)
  5 leopard geckos
  89 orcs
  12 giant cockroaches
  A gnoll zombie (Ossuary)
  12 goblins
  8 hobgoblins
  15 jackals
  3 quokkas
  7 ball pythons
  8 bats
  12 frilled lizards
  A goblin zombie (Ossuary)
  A hobgoblin zombie (Ossuary)
  A jackal skeleton (D:4)
  40 kobolds
  2 kobold zombies (Ossuary)
  A leopard gecko zombie (D:5)
  30 rats
  A fungus (Lair:6)
806 creatures vanquished.

Vanquished Creatures (others)
  A sea snake (Swamp:4)
  A cyclops (Orc:1)
  2 polar bears (IceCv)
  2 wolves (IceCv)
  A centaur (D:7)
  An iguana (D:7)
  A quokka (D:7)
  22 fungi
  48 plants
79 creatures vanquished.

Grand Total: 885 creatures vanquished

Notes
Turn   | Place    | Note
-------+----------+-------------------------------------------
     0 | D:1      | teukkam the Minotaur Fighter began the quest for the Orb.
     0 | D:1      | Reached XP level 1. HP: 19/19 MP: 0/0
   125 | D:1      | Reached XP level 2. HP: 14/27 MP: 1/1
   475 | D:3      | Reached XP level 3. HP: 32/33 MP: 2/2
   645 | D:3      | Reached XP level 4. HP: 39/41 MP: 3/3
   709 | D:3      | Noticed an earth elemental
   710 | D:3      | Found a stormy altar of Qazlal.
   712 | D:3      | Noticed an air elemental
   712 | D:3      | Noticed a water elemental
   712 | D:3      | Noticed a fire elemental
   736 | D:3      | Noticed a phantom
   780 | D:3      | Killed a phantom
   780 | D:3      | Reached XP level 5. HP: 47/47 MP: 4/4
  1148 | D:4      | Noticed an ogre
  1159 | D:4      | Killed an ogre
  1159 | D:4      | Reached skill level 5 in Fighting
  1159 | D:4      | Reached skill level 5 in Armour
  1159 | D:4      | Reached skill level 5 in Shields
  1259 | D:4      | Reached XP level 6. HP: 48/56 MP: 5/5
  1952 | D:5      | Entered Level 5 of the Dungeon
  1958 | D:5      | Reached skill level 5 in Axes
  1961 | D:5      | Reached XP level 7. HP: 53/62 MP: 6/6
  2592 | D:6      | Found a glowing drain.
  2596 | Sewer    | Entered a sewer
  2806 | Sewer    | Reached XP level 8. HP: 71/71 MP: 7/7
  3356 | D:6      | Found a staircase to the Ecumenical Temple.
  3530 | D:6      | Reached skill level 1 in Slings
  3535 | D:6      | Found a radiant altar of Vehumet.
  3572 | Temple   | Entered the Ecumenical Temple
  3677 | Temple   | Became a worshipper of the Wu Jian Council
  4226 | D:2      | Found a white marble altar of Elyvilon.
  4484 | D:2      | Found a deep blue altar of Sif Muna.
  4676 | D:5      | Reached * piety under Wu Jian
  4771 | D:5      | Found a basalt altar of Yredelemnul.
  4792 | D:5      | Found a runed translucent gate.
  4793 | D:5      | Found a runed translucent gate.
  4794 | D:5      | Noticed misha's ghost (amateur MfGl)
  4795 | D:5      | Found a runed translucent gate.
  4834 | D:5      | Killed misha's ghost
  4840 | D:5      | Got a shimmering dagger
  4845 | D:5      | Got a crystal dagger
  4853 | D:5      | Identified the +3 dagger of Cowardice {pain, Str-4 Int+7}
                  | (You found it on level 5 of the Dungeon)
  4861 | D:5      | Identified the +9 dagger "Embalmer" {vamp, Dex+4} (You
                  | found it on level 5 of the Dungeon)
  4997 | D:6      | Noticed Blork the orc
  5006 | D:6      | Killed Blork the orc
  5060 | D:6      | Found a runed translucent door.
  5061 | D:6      | Noticed Crazy Yiuf
  5068 | D:6      | Killed Crazy Yiuf
  5074 | D:6      | Got a brightly glowing mace
  5077 | D:6      | Identified the +5 mace "Nidu" {drain, rF+ SInv} (You found
                  | it on level 6 of the Dungeon)
  5223 | D:7      | Found a sand-covered staircase.
  5238 | Ossuary  | Entered an ossuary
  5327 | Ossuary  | Reached skill level 1 in Maces & Flails
  5340 | Ossuary  | Reached XP level 9. HP: 80/80 MP: 8/8
  5494 | D:7      | Noticed Pikel
  5514 | D:7      | Killed Pikel
  5692 | D:7      | Upgraded the game from 0.23.0-38-g208d714 to 0.23.1
  5694 | D:7      | Found a deep blue altar of Sif Muna.
  5745 | D:7      | Found a flagged portal.
  5759 | Bailey   | Entered a bailey
  5780 | Bailey   | Noticed an orc knight
  5808 | Bailey   | Killed an orc knight
  5847 | Bailey   | Gained mutation: You expend magic power (3 MP) to
                  | strengthen your wands. [potion of mutation]
  5847 | Bailey   | Gained mutation: You are occasionally teleported next to
                  | monsters. [potion of mutation]
  5847 | Bailey   | Gained mutation: Your system is resistant to poisons.
                  | (rPois) [potion of mutation]
  5879 | Bailey   | Reached ** piety under Wu Jian
  6478 | D:7      | Found a shimmering altar of Xom.
  6478 | D:7      | Found a burning altar of Makhleb.
  6667 | D:7      | Found a hazy altar of Hepliaklqana.
  6837 | D:8      | Reached XP level 10. HP: 91/91 MP: 9/9
  6853 | D:8      | Reached skill level 5 in Slings
  6910 | D:8      | Found Umyfor's Antique Weapon Boutique.
  6915 | D:8      | Noticed Maurice
  6923 | D:8      | Killed Maurice
  6928 | D:8      | Reached *** piety under Wu Jian
  6958 | D:8      | Bought a jewelled shortbow for 288 gold pieces
  6964 | D:8      | Identified the cursed +1 shortbow "Beetleslayer" {freeze,
                  | Dex+4 SInv} (You bought it in a shop on level 8 of the
                  | Dungeon)
  7051 | D:8      | Noticed Psyche
  7056 | D:8      | Killed Psyche
  7056 | D:8      | Reached skill level 5 in Maces & Flails
  7056 | D:8      | Reached skill level 1 in Bows
  7475 | D:8      | Bought a brightly glowing quarterstaff for 324 gold pieces
  7478 | D:8      | Identified the +6 quarterstaff of Ragnarok {drain, *Rage
                  | rPois rN+++ Int-4} (You bought it in a shop on level 8 of
                  | the Dungeon)
  7630 | D:8      | Reached skill level 1 in Staves
  8184 | D:9      | Found a hide-covered altar of Uskayaw.
  8224 | D:9      | Identified the +6 trident "Pouddil" {pain, *Contam rF- MP+9
                  | Str+9}
  8227 | D:9      | Found a staircase to the Orcish Mines.
  8234 | D:9      | Reached **** piety under Wu Jian
  8274 | D:9      | Lost mutation: You expend magic power (3 MP) to strengthen
                  | your wands. [potion of mutation]
  8274 | D:9      | Lost mutation: You are occasionally teleported next to
                  | monsters. [potion of mutation]
  8274 | D:9      | Gained mutation: You have sharp toenails. [potion of
                  | mutation]
  8274 | D:9      | Gained mutation: You are robust. (+10% HP) [potion of
                  | mutation]
  8300 | D:9      | Identified the +4 trident of Galeq {chaos, rF++ MR- Dex+5}
                  | (You found it on level 9 of the Dungeon)
  8337 | D:9      | Found a runed translucent door.
  8337 | D:9      | Found a shimmering altar of Xom.
  8337 | D:9      | Noticed a +2 flail of chaos
  8337 | D:9      | Noticed ABBCCCDDDD's ghost (novice DrAE)
  8352 | D:9      | Found a sparkling altar of Nemelex Xobeh.
  8400 | D:9      | Found Cunk's Jewellery Emporium.
  8527 | D:9      | Reached skill level 10 in Shields
  8535 | D:9      | Reached skill level 10 in Fighting
  8539 | D:9      | Reached skill level 10 in Armour
  8667 | D:10     | Entered Level 10 of the Dungeon
  8667 | D:10     | Found Tyergh's Food Shoppe.
  8673 | D:10     | Reached skill level 1 in Polearms
  8757 | D:10     | Noticed an elephant
  8779 | D:10     | Killed an elephant
  8779 | D:10     | Reached XP level 11. HP: 67/108 MP: 10/10
  8859 | D:10     | Found a staircase to the Lair.
  8869 | Lair:1   | Entered Level 1 of the Lair of Beasts
 10495 | Lair:3   | Reached skill level 5 in Bows
 10585 | Lair:3   | Reached ***** piety under Wu Jian
 11023 | Lair:3   | Reached skill level 5 in Polearms
 11069 | Lair:4   | Noticed a seven-headed hydra
 11377 | Lair:4   | Noticed a six-headed hydra
 11394 | Lair:4   | Killed a six-headed hydra
 11394 | Lair:4   | Reached XP level 12. HP: 81/121 MP: 11/11
 11471 | Lair:4   | Found a staircase to the Swamp.
 11612 | Lair:4   | Killed a seven-headed hydra
 12321 | Lair:5   | Found a frozen archway.
 12331 | Lair:5   | Noticed a seven-headed hydra
 12337 | IceCv    | Entered an ice cave
 12676 | IceCv    | Got an ichor-stained halberd
 12677 | IceCv    | Identified the +4 halberd of Kijau {chop, Dex+3} (You found
                  | it in an ice cave)
 13197 | IceCv    | Noticed a frost giant
 13230 | IceCv    | Killed a frost giant
 13242 | IceCv    | Reached XP level 13. HP: 46/130 MP: 12/12
 13427 | IceCv    | Identified the cursed +1 robe "Diev" {+Inv rC+ MP+9 Str+4}
                  | (You found it in an ice cave)
 13642 | Lair:5   | Reached ****** piety under Wu Jian
 13668 | Lair:6   | Entered Level 6 of the Lair of Beasts
 15386 | Lair:6   | Found a staircase to the Slime Pits.
 15386 | Lair:6   | Found a viscous altar of Jiyva.
 16057 | Lair:6   | Reached skill level 10 in Polearms
 16091 | Lair:6   | Got a scorched great sword
 16092 | Lair:6   | Identified the +5 great sword of Fate {elec, Int+2 Dex+2
                  | Stlth+} (You found it on level 6 of the Lair of Beasts)
 16138 | Lair:6   | Reached XP level 14. HP: 114/141 MP: 13/13
 17096 | Lair:2   | Reached skill level 1 in Long Blades
 17246 | Lair:2   | Reached skill level 10 in Bows
 17582 | Lair:2   | Found a transporter.
 17732 | Lair:2   | Found a staircase to the Snake Pit.
 17753 | Lair:2   | Found a transporter.
 17839 | Lair:2   | Got a scorched hand crossbow
 17851 | Lair:2   | Identified the +8 hand crossbow of Linearity {venom, rF+
                  | rN++ Int+2 Dex-3} (You found it on level 2 of the Lair of
                  | Beasts)
 18286 | D:10     | Reached skill level 1 in Crossbows
 18296 | D:10     | Got a brightly glowing morningstar
 18297 | D:10     | Identified the cursed +2 morningstar "Xuenozu" {crush,
                  | Int+3} (You found it on level 10 of the Dungeon)
 18825 | Orc:1    | Entered Level 1 of the Orcish Mines
 18870 | Orc:1    | Found Vapuiske's Distillery.
 18988 | Orc:1    | Bought a potion of heal wounds for 55 gold pieces
 18988 | Orc:1    | Bought a potion of heal wounds for 55 gold pieces
 19291 | Orc:2    | Entered Level 2 of the Orcish Mines
 19361 | Orc:2    | Found Idynkuor's Antique Weapon Shoppe.
 19372 | Orc:2    | Found a staircase to the Elven Halls.
 19451 | Orc:2    | Noticed an orc warlord
 19513 | Orc:2    | Found Egaomaloss's Weapon Shoppe.
 19515 | Orc:2    | Noticed Nessos
 19522 | Orc:2    | Killed Nessos
 19542 | Orc:2    | Bought the +10 hand axe of Cobwebs {chaos, *Rage +Blink
                  | rN++ Stlth+} for 967 gold pieces
 19568 | Orc:2    | Found a roughly hewn altar of Beogh.
 19569 | Orc:2    | Found Teklaopazu's Assorted Antiques.
 19695 | Orc:2    | Found a roughly hewn altar of Beogh.
 19736 | Orc:2    | Killed an orc warlord
 19744 | Orc:2    | Found Fihito's Antique Weapon Emporium.
 19745 | Orc:2    | Found a roughly hewn altar of Beogh.
 19754 | Orc:2    | Found Yhusahe's Antique Armour Shoppe.
 19790 | Orc:2    | Reached skill level 1 in Evocations
 19963 | Orc:2    | Found a roughly hewn altar of Beogh.
 20040 | Orc:2    | Found a roughly hewn altar of Beogh.
 20159 | Orc:2    | Found a roughly hewn altar of Beogh.
 20191 | Orc:2    | Found a roughly hewn altar of Beogh.
 20204 | Orc:2    | Found Yhexuruo's Assorted Antiques.
 20284 | Orc:2    | Found Robufadgh's Antique Armour Boutique.
 20288 | Orc:2    | Bought a faintly glowing ring mail for 225 gold pieces
 20298 | Orc:2    | Identified the +1 ring mail of Altruism {rC++ MR++ rCorr
                  | Slay-5} (You bought it in a shop on level 2 of the Orcish
                  | Mines)
 20333 | Orc:2    | Noticed p0werm0de's ghost (journeyman DsWn)
 20334 | Orc:2    | Found a transporter.
 20343 | Orc:2    | Found a transporter.
 21971 | Swamp:1  | Entered Level 1 of the Swamp
 22137 | Swamp:1  | Found a runed translucent door.
 22216 | Swamp:1  | Reached XP level 15. HP: 151/152 MP: 15/15
 22224 | Swamp:2  | Noticed Jorgrun
 22233 | Swamp:2  | Killed Jorgrun
 22647 | Swamp:3  | Reached skill level 5 in Crossbows
 22810 | Swamp:4  | Entered Level 4 of the Swamp
 23431 | Swamp:4  | Slain by an eight-headed hydra

Skill      XL: |  1  2  3  4  5  6  7  8  9 10 11 12 13 14 15 |
---------------+----------------------------------------------+-----
Fighting       | 4 5 6 7 9 10 11 12 13 14 | 14.9
Armour         | 4 5 6 7 9 10 11 12 13 14 | 14.9
Shields        | 4 5 6 7 9 10 11 12 13 14 | 14.9
Axes           | 3 4 5 6 7 8 |  8.9
Slings         | 2 4 5 |  5.4
Maces & Flails | 1 4 5 |  5.2
Bows           | 3 6 8 9 10 | 10.2
Staves         | 3 |  3.1
Polearms       | 1 5 8 10 | 10.1
Long Blades    | 4 |  4.2
Crossbows      | 4 5 |  5.8
Evocations     | 2 3 |  3.7
Short Blades   | |  0.7

Action                   |  1- 3 |  4- 6 |  7- 9 | 10-12 | 13-15 || total
-------------------------+-------+-------+-------+-------+-------++-------
Melee: War axe           |    83 |    75 |       |       |       ||   158
       Headbutt          |     9 |    18 |    71 |   148 |   296 ||   542
       Hand axe          |       |    24 |   360 |       |   321 ||   705
       Dagger            |       |     1 |     9 |       |       ||    10
       Mace              |       |       |   160 |    54 |     6 ||   220
       Trident           |       |       |       |   543 |   737 ||  1280
       Quarterstaff      |       |       |       |    51 |       ||    51
       Halberd           |       |       |       |     4 |       ||     4
       Morningstar       |       |       |       |       |    44 ||    44
 Fire: Hunting sling     |       |       |    63 |       |       ||    63
       Shortbow          |       |       |       |   201 |   150 ||   351
       Hand crossbow     |       |       |       |       |   176 ||   176
Throw: Stone             |       |     3 |    13 |       |       ||    16
       Tomahawk          |       |       |       |     6 |     9 ||    15
Invok: Lunge             |       |       |    17 |    29 |    60 ||   106
       Whirlwind         |       |       |    20 |   207 |   286 ||   513
 Abil: Wall Jump         |       |       |     1 |    18 |    24 ||    43
       Evoke Flight      |       |       |     1 |       |       ||     1
Evoke: Wand              |       |       |     6 |    37 |     6 ||    49
       Lightning rod     |       |       |       |     7 |    11 ||    18
       Fan of gales      |       |       |       |       |     1 ||     1
  Use: Scroll            |       |     3 |     6 |    19 |    18 ||    46
       Potion            |       |       |     9 |    13 |    16 ||    38
 Stab: Confused          |       |       |       |     2 |     7 ||     9
       Paralysed         |       |       |       |     1 |    18 ||    19
       Petrifying        |       |       |       |     3 |     2 ||     5
       Petrified         |       |       |       |     1 |       ||     1
       Invisible         |       |       |       |       |    13 ||    13
       Sleeping          |       |       |       |       |     2 ||     2
  Eat: Chunk             |       |     4 |    12 |     9 |     8 ||    33
       Ration            |       |       |     4 |     3 |     8 ||    15
Armor: Scale mail        |    37 |    31 |   166 |   345 |   234 ||   813
       Acid dragon scale |       |       |       |       |   244 ||   244
Dodge: Dodged            |    20 |    18 |   103 |   351 |   511 ||  1003
Block: Shield            |    23 |       |       |       |       ||    23
       Large shield      |    30 |    80 |   434 |    32 |    24 ||   600
       Buckler           |       |       |       |       |   158 ||   158
       Reflection        |       |       |       |       |     7 ||     7
